 Dungeon Crawl Stone Soup version 0.26.1-2-gb8aa6d0cf2 (webtiles) character file.

Game seed: 6552453424088131494

74 sleeves the Magician (level 4, -4/30 HPs)
             Began as a Human Hedge Wizard on Mar 20, 2021.
             Shot with an arrow by a centaur (16 damage)
             ... on level 2 of the Dungeon.
             The game lasted 00:07:40 (3203 turns).

sleeves the Magician (Human Hedge Wizard)           Turns: 3203, Time: 00:07:40

Health: -4/30      AC:  2    Str: 10    XL:     4   Next: 54%
Magic:  9/9        EV: 12    Int: 16    God:
Gold:   45         SH:  0    Dex: 14    Spells: 7/10 levels left

rFire    . . .     SeeInvis .   e - +4 short sword
rCold    . . .     Faith    .   (no shield)
rNeg     . . .     Spirit   .   b - +0 robe
rPois    .         Reflect  .   (helmet restricted)
rElec    .         Harm     .   (no cloak)
rCorr    .         Rampage  .   (no gloves)
Will     .....                  (no boots)
Stlth    ++........             (no amulet)
HPRegen  0.10/turn              (no ring)
MPRegen  0.11/turn              (no ring)

@: no status effects
A: horns 1, talons 1, agile 1
a: no special abilities


You were on level 2 of the Dungeon.
You visited 1 branch of the dungeon, and saw 3 of its levels.

You collected 45 gold pieces.

Inventory:

Hand Weapons
 a - a +0 dagger
 e - a +4 short sword (weapon)
   (You took it off an orc on level 2 of the Dungeon)
 l - a +0 dagger of venom
   (You found it on level 2 of the Dungeon)
Missiles
 f - 3 poisoned darts (quivered)
 j - 2 datura-tipped darts
Armour
 b - a +0 robe (worn)
 m - a +1 helmet
   (You found it on level 2 of the Dungeon)
 o - a +1 leather armour of cold resistance
   (You found it on level 2 of the Dungeon)
Scrolls
 i - 3 scrolls of enchant armour {unknown}
Potions
 c - a potion of attraction
 h - a potion of curing {unknown}


   Skills:
 - Level 2.0 Dodging
 - Level 2.0 Stealth
 + Level 3.6 Spellcasting
 + Level 2.4 Conjurations
 - Level 1.0 Summonings
 + Level 2.3 Translocations


You had 7 spell levels left.
You knew the following spells:

 Your Spells              Type           Power        Failure   Level
a - Magic Dart            Conj           40%          7%          1
b - Blink                 Tloc           N/A          10%         2

Your spell library contained the following spells:

 Spells                   Type           Power        Failure   Level
 Call Imp                 Summ           6%           19%         2
 Slow                     Hex            2%           26%         2
 Conjure Flame            Conj/Fire      6%           32%         3
 Mephitic Cloud           Conj/Pois/Air  5%           36%         3


Dungeon Overview and Level Annotations

Branches:
Dungeon (3/15)

Altars:

Annotations:
D:2 1 runed translucent door, Crazy Yiuf, Natasha, Sigmund


Innate Abilities, Weirdness & Mutations

You have a pair of small horns on your head.
You have sharp toenails.
You are agile. (Dex +2)


Message History

The worm is almost dead.
Casting: Magic Dart (safe; 10% risk of failure)
Confirm with . or Enter, or press ? or * to list all spells.
Aiming: Magic Dart (safe; 10% risk of failure)
Press: ? - help, Shift-Dir - straight line, f/p - worm
Aim: a worm (almost dead, poisoned, 0% to evade)
You miscast Magic Dart.
Nothing appears to happen.
The worm looks more healthy.
The worm closely misses you.
Casting: Magic Dart (safe; 10% risk of failure)
Confirm with . or Enter, or press ? or * to list all spells.
Aiming: Magic Dart (safe; 10% risk of failure)
Press: ? - help, Shift-Dir - straight line, f/p - worm
Aim: a worm (almost dead, 0% to evade)
The magic dart hits the worm.
You kill the worm!
* * * LOW MAGIC WARNING * * *
You start resting.
Your magical contamination has completely faded away.
You start resting.
HP restored.
Magic restored.
You see here a bat corpse.
You see here 19 stones.
You now have 31 gold pieces (gained 3).
k - a scroll labelled ILYZUPR WOFOWN
Found a mace.
Found a runed translucent door.
Crazy Yiuf shouts!
You see here 19 stones.
A hobgoblin comes into view. It is wielding a +0 club.
A hobgoblin is nearby!
A hobgoblin is nearby!
A hobgoblin is nearby!
The hobgoblin shouts!
Found a plate armour and a runed helmet.
A bat comes into view.
The bat moves out of view.
Found a smoky black potion and a scroll labelled PEKEZE JABETU.
Casting: Magic Dart (safe; 9% risk of failure)
Confirm with . or Enter, or press ? or * to list all spells.
Aiming: Magic Dart (safe; 9% risk of failure)
Press: ? - help, Shift-Dir - straight line, f - hobgoblin
Aim: a hobgoblin, wielding a +0 club (0% to evade)
The magic dart hits the hobgoblin.
The hobgoblin is moderately wounded.
Casting: Magic Dart (safe; 9% risk of failure)
Confirm with . or Enter, or press ? or * to list all spells.
Aiming: Magic Dart (safe; 9% risk of failure)
Press: ? - help, Shift-Dir - straight line, f/p - hobgoblin
Aim: a hobgoblin, wielding a +0 club (0% to evade)
The magic dart hits the hobgoblin but does no damage.
Casting: Magic Dart (safe; 9% risk of failure)
Confirm with . or Enter, or press ? or * to list all spells.
Aiming: Magic Dart (safe; 9% risk of failure)
Press: ? - help, Shift-Dir - straight line, f/p - hobgoblin
Aim: a hobgoblin, wielding a +0 club (0% to evade)
The magic dart hits the hobgoblin.
The hobgoblin is moderately wounded.
The hobgoblin barely misses you.
Casting: Magic Dart (safe; 9% risk of failure)
Confirm with . or Enter, or press ? or * to list all spells.
Aiming: Magic Dart (safe; 9% risk of failure)
Press: ? - help, Shift-Dir - straight line, f/p - hobgoblin
Aim: a hobgoblin, wielding a +0 club (moderately wounded, 0% to evade)
The magic dart hits the hobgoblin.
The hobgoblin is heavily wounded.
The hobgoblin hits you with a +0 club.
Casting: Magic Dart (safe; 9% risk of failure)
Confirm with . or Enter, or press ? or * to list all spells.
Aiming: Magic Dart (safe; 9% risk of failure)
Press: ? - help, Shift-Dir - straight line, f/p - hobgoblin
Aim: a hobgoblin, wielding a +0 club (heavily wounded, 0% to evade)
The magic dart hits the hobgoblin.
The hobgoblin is almost dead.
Casting: Magic Dart (safe; 9% risk of failure)
Confirm with . or Enter, or press ? or * to list all spells.
Aiming: Magic Dart (safe; 9% risk of failure)
Press: ? - help, Shift-Dir - straight line, f/p - hobgoblin
Aim: a hobgoblin, wielding a +0 club (almost dead, 0% to evade)
The magic dart hits the hobgoblin.
You kill the hobgoblin!
You start resting.
A bat is nearby!
Found a glowing dagger.
There is a stone staircase leading up here.
You start resting.
Magic restored.
You see here a glowing dagger.
l - a glowing dagger You see here a +0 club.
Casting: Magic Dart (safe; 9% risk of failure)
Confirm with . or Enter, or press ? or * to list all spells.
Aiming: Magic Dart (safe; 9% risk of failure)
Press: ? - help, Shift-Dir - straight line, f - bat
Aim: a bat (0% to evade)
You miscast Magic Dart.
You are very lightly contaminated with residual magic.
Nothing appears to happen.
Unknown command.
Casting: Magic Dart (safe; 9% risk of failure)
Confirm with . or Enter, or press ? or * to list all spells.
Aiming: Magic Dart (safe; 9% risk of failure)
Press: ? - help, Shift-Dir - straight line, f/p - bat
Aim: a bat (0% to evade)
The magic dart hits the bat.
The bat is severely wounded.
The bat misses you.
Casting: Magic Dart (safe; 9% risk of failure)
Confirm with . or Enter, or press ? or * to list all spells.
Aiming: Magic Dart (safe; 9% risk of failure)
Press: ? - help, Shift-Dir - straight line, f/p - bat
Aim: a bat (severely wounded, 0% to evade)
You miscast Magic Dart.
Nothing appears to happen.
The bat barely misses you. The bat hits you but does no damage.
Casting: Magic Dart (safe; 9% risk of failure)
Confirm with . or Enter, or press ? or * to list all spells.
Aiming: Magic Dart (safe; 9% risk of failure)
Press: ? - help, Shift-Dir - straight line, f/p - bat
Aim: a bat (severely wounded, 0% to evade)
The magic dart hits the bat.
You kill the bat!
You start resting.
Your magical contamination has completely faded away.
Found 12 arrows.
A worm comes into view.
You see here a runed helmet.
m - a runed helmet You see here a +0 club.
Throw: 6 darts (poison)
Press: ? - help, Q - select action, (/) - cycle Shift-Dir - straight line, f - worm
Aim: a worm (76% to hit)
You throw a poisoned dart.
The poisoned dart barely misses the worm.
Throw: 5 darts (poison)
Press: ? - help, Q - select action, (/) - cycle Shift-Dir - straight line, f/p - worm
Aim: a worm (76% to hit)
You throw a poisoned dart. The poisoned dart hits the worm.
The worm is poisoned.
Casting: Magic Dart (safe; 9% risk of failure)
Confirm with . or Enter, or press ? or * to list all spells.
Aiming: Magic Dart (safe; 9% risk of failure)
Press: ? - help, Shift-Dir - straight line, f/p - worm
Aim: a worm (poisoned, 0% to evade)
The magic dart hits the worm.
The worm is lightly wounded.
Casting: Magic Dart (safe; 9% risk of failure)
Confirm with . or Enter, or press ? or * to list all spells.
Aiming: Magic Dart (safe; 9% risk of failure)
Press: ? - help, Shift-Dir - straight line, f/p - worm
Aim: a worm (lightly wounded, poisoned, 0% to evade)
The magic dart hits the worm.
The worm is moderately wounded.
Casting: Magic Dart (safe; 9% risk of failure)
Confirm with . or Enter, or press ? or * to list all spells.
Aiming: Magic Dart (safe; 9% risk of failure)
Press: ? - help, Shift-Dir - straight line, f/p - worm
Aim: a worm (moderately wounded, poisoned, 0% to evade)
The magic dart hits the worm.
The worm is heavily wounded.
Casting: Magic Dart (safe; 9% risk of failure)
Confirm with . or Enter, or press ? or * to list all spells.
Aiming: Magic Dart (safe; 9% risk of failure)
Press: ? - help, Shift-Dir - straight line, f/p - worm
Aim: a worm (heavily wounded, poisoned, 0% to evade)
The magic dart hits the worm but does no damage.
The worm is heavily wounded.
Casting: Magic Dart (safe; 9% risk of failure)
Confirm with . or Enter, or press ? or * to list all spells.
Aiming: Magic Dart (safe; 9% risk of failure)
Press: ? - help, Shift-Dir - straight line, f/p - worm
Aim: a worm (heavily wounded, poisoned, 0% to evade)
The magic dart hits the worm.
The worm is heavily wounded.
The worm looks more healthy.
Casting: Magic Dart (safe; 9% risk of failure)
Confirm with . or Enter, or press ? or * to list all spells.
Aiming: Magic Dart (safe; 9% risk of failure)
Press: ? - help, Shift-Dir - straight line, f/p - worm
Aim: a worm (heavily wounded, 0% to evade)
The magic dart hits the worm.
The worm is severely wounded.
* * * LOW MAGIC WARNING * * *
Throw: 4 darts (poison)
Press: ? - help, Q - select action, (/) - cycle Shift-Dir - straight line, f/p - worm
Aim: a worm (severely wounded, 76% to hit)
You throw a poisoned dart. The poisoned dart hits the worm.
The worm is severely wounded.
The worm bites you!
Ouch! That really hurt!
* * * LOW HITPOINT WARNING * * *
Throw: 3 darts (poison)
Press: ? - help, Q - select action, (/) - cycle Shift-Dir - straight line, f/p - worm
Aim: a worm (heavily wounded, 76% to hit)
You throw a poisoned dart. The poisoned dart hits the worm.
The worm is poisoned.
The worm is heavily wounded.
Throw: 2 darts (poison)
Press: ? - help, Q - select action, (/) - cycle Shift-Dir - straight line, f/p - worm
Aim: a worm (heavily wounded, poisoned, 76% to hit)
You throw a poisoned dart. The poisoned dart hits the worm.
The worm looks even sicker.
The worm is heavily wounded.
Casting: Magic Dart (safe; 9% risk of failure)
Confirm with . or Enter, or press ? or * to list all spells.
Aiming: Magic Dart (safe; 9% risk of failure)
Press: ? - help, Shift-Dir - straight line, f/p - worm
Aim: a worm (heavily wounded, very poisoned, 0% to evade)
You miscast Magic Dart.
You are very lightly contaminated with residual magic.
Nothing appears to happen.
* * * LOW MAGIC WARNING * * *
Casting: Magic Dart (safe; 9% risk of failure)
Confirm with . or Enter, or press ? or * to list all spells.
You don't have enough magic to cast that spell.
Unknown command.
You see here a bat skeleton.
Your magical contamination has completely faded away.
Casting: Magic Dart (safe; 9% risk of failure)
Confirm with . or Enter, or press ? or * to list all spells.
Aiming: Magic Dart (safe; 9% risk of failure)
Press: ? - help, Shift-Dir - straight line, f/p - worm
Aim: a worm (heavily wounded, poisoned, 0% to evade)
The magic dart hits the worm but does no damage.
The worm is heavily wounded.
* * * LOW MAGIC WARNING * * *
Casting: Magic Dart (safe; 9% risk of failure)
Confirm with . or Enter, or press ? or * to list all spells.
You don't have enough magic to cast that spell.
Unknown command.
The worm looks more healthy.
You see here 19 stones.
You see here 19 stones.
You see here a poisoned dart.
f - 2 poisoned darts (gained 1)
You see here a poisoned dart.
f - 3 poisoned darts (gained 1)
You see here a +0 club.
f - 4 poisoned darts (gained 1)
There are no items here.
You see here a poisoned dart.
f - 5 poisoned darts (gained 1)
You see here a plate armour.
You see here a smoky black potion.
You see here a scroll labelled PEKEZE JABETU.
i - 3 scrolls labelled PEKEZE JABETU (gained 1)
You see here a smoky black potion.
n - a smoky black potion You see here 12 arrows.
You see here a +0 club.
There is a stone staircase leading up here.
Throw: 5 darts (poison)
Press: ? - help, Q - select action, (/) - cycle Shift-Dir - straight line, f/p - worm
Aim: a worm (76% to hit)
You throw a poisoned dart. The poisoned dart hits the worm.
The worm is poisoned.
Casting: Magic Dart (safe; 9% risk of failure)
Confirm with . or Enter, or press ? or * to list all spells.
Aiming: Magic Dart (safe; 9% risk of failure)
Press: ? - help, Shift-Dir - straight line, f/p - worm
Aim: a worm (poisoned, 0% to evade)
The magic dart hits the worm.
The worm is lightly wounded.
Casting: Magic Dart (safe; 9% risk of failure)
Confirm with . or Enter, or press ? or * to list all spells.
Aiming: Magic Dart (safe; 9% risk of failure)
Press: ? - help, Shift-Dir - straight line, f/p - worm
Aim: a worm (lightly wounded, poisoned, 0% to evade)
You miscast Magic Dart.
You are very lightly contaminated with residual magic.
Nothing appears to happen.
Casting: Magic Dart (safe; 9% risk of failure)
Confirm with . or Enter, or press ? or * to list all spells.
Aiming: Magic Dart (safe; 9% risk of failure)
Press: ? - help, Shift-Dir - straight line, f/p - worm
Aim: a worm (lightly wounded, poisoned, 0% to evade)
The magic dart hits the worm.
The worm is moderately wounded.
Casting: Magic Dart (safe; 9% risk of failure)
Confirm with . or Enter, or press ? or * to list all spells.
Aiming: Magic Dart (safe; 9% risk of failure)
Press: ? - help, Shift-Dir - straight line, f/p - worm
Aim: a worm (moderately wounded, poisoned, 0% to evade)
The magic dart hits the worm.
The worm is heavily wounded.
Casting: Magic Dart (safe; 9% risk of failure)
Confirm with . or Enter, or press ? or * to list all spells.
Aiming: Magic Dart (safe; 9% risk of failure)
Press: ? - help, Shift-Dir - straight line, f/p - worm
Aim: a worm (heavily wounded, poisoned, 0% to evade)
The magic dart hits the worm.
The worm is heavily wounded.
Casting: Magic Dart (safe; 9% risk of failure)
Confirm with . or Enter, or press ? or * to list all spells.
Aiming: Magic Dart (safe; 9% risk of failure)
Press: ? - help, Shift-Dir - straight line, f/p - worm
Aim: a worm (heavily wounded, poisoned, 0% to evade)
The magic dart hits the worm.
The worm is heavily wounded.
Casting: Magic Dart (safe; 9% risk of failure)
Confirm with . or Enter, or press ? or * to list all spells.
Aiming: Magic Dart (safe; 9% risk of failure)
Press: ? - help, Shift-Dir - straight line, f/p - worm
Aim: a worm (heavily wounded, poisoned, 0% to evade)
The magic dart hits the worm but does no damage.
The worm is heavily wounded.
* * * LOW MAGIC WARNING * * *
The worm looks more healthy.
The worm bites you!
Your magical contamination has completely faded away.
You climb upwards.
There is a stone staircase leading down here.
There is an open door here.
There is an open door here.
You close the door.
You start resting.
Magic restored.
You start resting.
HP restored.
There is a stone staircase leading down here.
You climb downwards.
Level annotation: 1 runed translucent door, Crazy Yiuf
There is a stone staircase leading up here.
f - 5 poisoned darts (gained 1)
You see here a +0 club.
Found 24 stones.
A rat comes into view.
A rat is nearby!
A rat is nearby!
A rat is nearby!
Casting: Magic Dart (safe; 9% risk of failure)
Confirm with . or Enter, or press ? or * to list all spells.
Aiming: Magic Dart (safe; 9% risk of failure)
Press: ? - help, Shift-Dir - straight line, f - rat
Aim: a rat (0% to evade)
The magic dart hits the rat.
The rat is heavily wounded.
Casting: Magic Dart (safe; 9% risk of failure)
Confirm with . or Enter, or press ? or * to list all spells.
Aiming: Magic Dart (safe; 9% risk of failure)
Press: ? - help, Shift-Dir - straight line, f/p - rat
Aim: a rat (heavily wounded, 0% to evade)
The magic dart hits the rat.
You kill the rat!
Casting: Magic Dart (safe; 9% risk of failure)
Confirm with . or Enter, or press ? or * to list all spells.
You can't see any susceptible monsters within range! (Use Z to cast anyway.) Unknown command.
Magic restored.
You see here 24 stones.
Found a dyed leather armour.
You see here a dyed leather armour.
Found a stone staircase leading up.
Found a hand axe.
You see here a rat corpse.
A ball python comes into view.
Casting: Magic Dart (safe; 9% risk of failure)
Confirm with . or Enter, or press ? or * to list all spells.
Aiming: Magic Dart (safe; 9% risk of failure)
Press: ? - help, Shift-Dir - straight line, f - ball python
Aim: a ball python (asleep, 0% to evade)
The magic dart hits the ball python.
The ball python is moderately wounded.
The ball python hisses angrily.
Casting: Magic Dart (safe; 9% risk of failure)
Confirm with . or Enter, or press ? or * to list all spells.
Aiming: Magic Dart (safe; 9% risk of failure)
Press: ? - help, Shift-Dir - straight line, f/p - ball python
Aim: a ball python (moderately wounded, 0% to evade)
The magic dart hits the ball python.
You kill the ball python!
Casting: Magic Dart (safe; 9% risk of failure)
Confirm with . or Enter, or press ? or * to list all spells.
You can't see any susceptible monsters within range! (Use Z to cast anyway.) Unknown command.
Unknown command.
Search for what [? for help]? armor A frilled lizard comes into view.
There are no items here.
Sorry, you're not good enough to have a special ability.
Unknown command.
Casting: Magic Dart (safe; 9% risk of failure)
Confirm with . or Enter, or press ? or * to list all spells.
Aiming: Magic Dart (safe; 9% risk of failure)
Press: ? - help, Shift-Dir - straight line, f - frilled lizard
Aim: a frilled lizard (wandering, hasn't noticed you, 0% to evade)
The magic dart hits the frilled lizard.
The frilled lizard is heavily wounded.
The frilled lizard hisses angrily.
Casting: Magic Dart (safe; 9% risk of failure)
Confirm with . or Enter, or press ? or * to list all spells.
Aiming: Magic Dart (safe; 9% risk of failure)
Press: ? - help, Shift-Dir - straight line, f/p - frilled lizard
Aim: a frilled lizard (heavily wounded, 0% to evade)
The magic dart hits the frilled lizard.
You kill the frilled lizard!
You see here a ball python corpse.
A frilled lizard and a ball python come into view.
Found a hand axe.
There are monsters nearby!
There are monsters nearby!
Casting: Magic Dart (safe; 9% risk of failure)
Confirm with . or Enter, or press ? or * to list all spells.
Aiming: Magic Dart (safe; 9% risk of failure)
Press: ? - help, Shift-Dir - straight line, f - frilled lizard
Aim: a frilled lizard (asleep, 0% to evade)
The magic dart hits the frilled lizard.
The frilled lizard is heavily wounded.
The frilled lizard hisses angrily.
The frilled lizard hisses.
Casting: Magic Dart (safe; 9% risk of failure)
Confirm with . or Enter, or press ? or * to list all spells.
Aiming: Magic Dart (safe; 9% risk of failure)
Press: ? - help, Shift-Dir - straight line, f/p - frilled lizard
Aim: a frilled lizard (heavily wounded, 0% to evade)
The magic dart hits the frilled lizard.
You kill the frilled lizard!
The ball python hisses angrily.
Casting: Magic Dart (safe; 9% risk of failure)
Confirm with . or Enter, or press ? or * to list all spells.
Aiming: Magic Dart (safe; 9% risk of failure)
Press: ? - help, Shift-Dir - straight line, f - ball python
Aim: a ball python (0% to evade)
The magic dart hits the ball python.
The ball python is moderately wounded.
Casting: Magic Dart (safe; 9% risk of failure)
Confirm with . or Enter, or press ? or * to list all spells.
Aiming: Magic Dart (safe; 9% risk of failure)
Press: ? - help, Shift-Dir - straight line, f/p - ball python
Aim: a ball python (moderately wounded, 0% to evade)
The magic dart hits the ball python.
The ball python is heavily wounded.
The ball python bites you but does no damage.
The ball python misses you.
Casting: Magic Dart (safe; 9% risk of failure)
Confirm with . or Enter, or press ? or * to list all spells.
Aiming: Magic Dart (safe; 9% risk of failure)
Press: ? - help, Shift-Dir - straight line, f/p - ball python
Aim: a ball python (heavily wounded, 0% to evade)
You miscast Magic Dart.
You are very lightly contaminated with residual magic.
Nothing appears to happen.
The ball python completely misses you. The ball python closely misses you.
Casting: Magic Dart (safe; 9% risk of failure)
Confirm with . or Enter, or press ? or * to list all spells.
Aiming: Magic Dart (safe; 9% risk of failure)
Press: ? - help, Shift-Dir - straight line, f/p - ball python
Aim: a ball python (heavily wounded, 0% to evade)
The magic dart hits the ball python.
You kill the ball python!
Your Conjurations skill increases to level 2!
Casting: Magic Dart (safe; 9% risk of failure)
Confirm with . or Enter, or press ? or * to list all spells.
You can't see any susceptible monsters within range! (Use Z to cast anyway.) Unknown command.
You start resting.
Your magical contamination has completely faded away.
You start resting.
A centaur comes into view. It is wielding a +0 hand axe.
Unknown command.
(D) Dungeon
Where to? (Enter - D:2 @ (x,y), ? - help)
Okay, then.
Unknown command.
You see here a hand axe.
Sigmund the Dreaded comes into view.
He is wielding a +0 scythe of freezing.
Sigmund shouts!
You hear an angry hiss.
Sigmund says, "I'm your fate."
Sigmund points at you and mumbles some strange words.
You resist with significant effort. Sigmund gestures at you while chanting.
The puff of flame misses you. Sigmund gestures at you while chanting.
The magic dart hits you!
You see here a dyed leather armour.
o - a dyed leather armour
There is a stone staircase leading up here.
You climb upwards.
There is a stone staircase leading down here.
Unknown command.
You start resting.
HP restored.
Unknown command.
There is an open door here.
There is an open door here.
There is a stone staircase leading down here.
Unknown command.
You start removing your armour.
You continue taking off your +0 hat. x4
You finish taking off your +0 hat.
You start putting on your armour.
You continue putting on your runed helmet. x5
You finish putting on your +1 helmet.
Drop what? 15/52 slots (_ for help) (? for menu, Esc to quit)
You drop a +0 hat.
Unknown command.
Unknown command.
Memorise Blink, consuming 2 spell levels and leaving 5?
You start memorising the spell.
You continue memorising. x2
You finish memorising.
Spell assigned to 'b'.
Okay, then.
Unknown command.
You climb downwards.
Level annotation: 1 runed translucent door, Crazy Yiuf, Sigmund A bat and Natasha come into view.
The bat closely misses you. The bat hits you but does no damage.
Found a kite shield.
There is a stone staircase leading up here.
You miss the bat.
Natasha hisses angrily.
The bat hits you but does no damage. The bat completely misses you.
The bat closely misses you.
Natasha stares at you and mumbles some strange words.
The magic dart hits you.
You climb upwards.
There is a stone staircase leading down here.
You see here a +0 hat.
You closely miss the bat. The bat hits you but does no damage. x2
You barely miss the bat. The bat hits you but does no damage.
The bat misses you.
You miss the bat. The bat hits you but does no damage.
Casting: Magic Dart (safe; 9% risk of failure)
Confirm with . or Enter, or press ? or * to list all spells.
Aiming: Magic Dart (safe; 9% risk of failure)
Press: ? - help, Shift-Dir - straight line, f - bat
Aim: a bat (0% to evade)
The magic dart hits the bat.
You kill the bat!
Casting: Magic Dart (safe; 9% risk of failure)
Confirm with . or Enter, or press ? or * to list all spells.
You can't see any susceptible monsters within range! (Use Z to cast anyway.) Unknown command.
You see here a bat corpse.
You start resting.
Magic restored.
You start resting.
HP restored.
Unknown command.
There is an open door here.
There is a stone staircase leading down here.
You climb downwards.
Level annotation: 1 runed translucent door, Crazy Yiuf, Natasha, Sigmund
There is a stone staircase leading up here.
Found 14 gold pieces.
You now have 45 gold pieces (gained 14).
Found a stone staircase leading down.
Terence the Incautious comes into view.
He is wielding a +0 vorpal hand axe and carrying a wand of digging (6).
Terence shouts!
Terence zaps a wand.
You hear a grinding noise.
There is a stone staircase leading down here.
You hear a zap.
You hear a grinding noise.
You hear a zap.
You hear a grinding noise.
There is a stone staircase leading up here.
You start waiting.
You hear a zap.
You hear a grinding noise.
You hear a zap.
You hear a grinding noise.
You hear a zap.
Some rock shatters into small pieces.
You start waiting.
Terence is nearby!
Throw: 5 darts (poison)
Press: ? - help, Q - select action, (/) - cycle Shift-Dir - straight line, f - Terence
Aim: Terence, wielding a +0 vorpal hand axe and wearing a +0 chain mail (64% to hit)
You throw a poisoned dart. The poisoned dart hits Terence.
Terence is poisoned.
Throw: 4 darts (poison)
Press: ? - help, Q - select action, (/) - cycle Shift-Dir - straight line, f/p - Terence
Aim: Terence, wielding a +0 vorpal hand axe and wearing a +0 chain mail (lightly wounded, poisoned, 64% to hit)
You throw a poisoned dart.
The poisoned dart barely misses Terence.
Throw: 3 darts (poison)
Press: ? - help, Q - select action, (/) - cycle Shift-Dir - straight line, f/p - Terence
Aim: Terence, wielding a +0 vorpal hand axe and wearing a +0 chain mail (lightly wounded, poisoned, 64% to hit)
You throw a poisoned dart.
The poisoned dart closely misses Terence.
Throw: 2 darts (poison)
Press: ? - help, Q - select action, (/) - cycle Shift-Dir - straight line, f/p - Terence
Aim: Terence, wielding a +0 vorpal hand axe and wearing a +0 chain mail (lightly wounded, poisoned, 64% to hit)
You throw a poisoned dart. The poisoned dart hits Terence.
Terence is lightly wounded.
Throw: dart (poison)
Press: ? - help, Q - select action, (/) - cycle Shift-Dir - straight line, f/p - Terence
Aim: Terence, wielding a +0 vorpal hand axe and wearing a +0 chain mail (lightly wounded, poisoned, 64% to hit)
You throw a poisoned dart.
The poisoned dart barely misses Terence.
Terence closely misses you.
You climb upwards.
There is a stone staircase leading down here.
Throw: 2 darts (datura)
Press: ? - help, Q - select action, (/) - cycle Shift-Dir - straight line, f - Terence
Aim: Terence, wielding a +0 vorpal hand axe and wearing a +0 chain mail (moderately wounded, poisoned, 64% to hit, chance to frenzy on hit: 100%)
You throw a datura-tipped dart. The datura-tipped dart hits Terence.
Terence flies into a frenzy!
Terence is moderately wounded.
Terence hits you with a +0 vorpal hand axe!
Terence barely misses you.
You aren't carrying any items that you can evoke.
Unknown command.
Okay, then.
Okay, then.
It was a potion of resistance.
You feel protected. Terence closely misses you.
It was a potion of haste.
You feel yourself speed up.
Terence looks more healthy.
Terence hits you but does no damage.
You aren't carrying any items that you can evoke.
Terence closely misses you.
You climb downwards.
Level annotation: 1 runed translucent door, Crazy Yiuf, Natasha, Sigmund
There is a stone staircase leading up here.
Terence closely misses you.
Terence shouts!
Terence shouts!
Terence shouts!
Found a scroll labelled LURAOM NYAR.
A kobold comes into view.
Terence shouts!
You hear a shout!
The kobold shouts!
The kobold throws a stone.
The stone closely misses you.
A kobold comes into view.
Found a hand axe.
The kobold throws a stone.
The stone closely misses you.
The kobold shouts!
You hear an angry hiss.
Terence shouts!
The kobold closely misses you.
Terence barely misses the kobold.
The kobold hits you but does no damage.
Terence is no longer moving quickly.
Terence no longer looks unusually strong.
Terence is no longer in an insane frenzy.
There is a stone staircase leading down here.
Casting: Magic Dart (safe; 9% risk of failure)
Confirm with . or Enter, or press ? or * to list all spells.
Aiming: Magic Dart (safe; 9% risk of failure)
Press: ? - help, Shift-Dir - straight line, f - kobold
Aim: a kobold (0% to evade)
The magic dart hits the kobold.
You kill the kobold!
Casting: Magic Dart (safe; 9% risk of failure)
Confirm with . or Enter, or press ? or * to list all spells.
You can't see any susceptible monsters within range! (Use Z to cast anyway.) Unknown command.
There is a stone staircase leading down here.
Casting: Magic Dart (safe; 9% risk of failure)
Confirm with . or Enter, or press ? or * to list all spells.
Aiming: Magic Dart (safe; 9% risk of failure)
Press: ? - help, Shift-Dir - straight line, f - Terence
Aim: Terence, wielding a +0 vorpal hand axe and wearing a +0 chain mail (moderately wounded, slow, 0% to evade)
The magic dart hits Terence.
Terence is moderately wounded.
There is a stone staircase leading down here.
Terence looks more energetic.
Casting: Magic Dart (safe; 9% risk of failure)
Confirm with . or Enter, or press ? or * to list all spells.
Aiming: Magic Dart (safe; 9% risk of failure)
Press: ? - help, Shift-Dir - straight line, f/p - Terence
Aim: Terence, wielding a +0 vorpal hand axe and wearing a +0 chain mail (moderately wounded, 0% to evade)
The magic dart hits Terence but does no damage.
Terence is moderately wounded.
Your extra speed is starting to run out.
Casting: Magic Dart (safe; 9% risk of failure)
Confirm with . or Enter, or press ? or * to list all spells.
Aiming: Magic Dart (safe; 9% risk of failure)
Press: ? - help, Shift-Dir - straight line, f/p - Terence
Aim: Terence, wielding a +0 vorpal hand axe and wearing a +0 chain mail (moderately wounded, 0% to evade)
The magic dart hits Terence but does no damage.
Terence is moderately wounded.
Casting: Magic Dart (safe; 9% risk of failure)
Confirm with . or Enter, or press ? or * to list all spells.
Aiming: Magic Dart (safe; 9% risk of failure)
Press: ? - help, Shift-Dir - straight line, f/p - Terence
Aim: Terence, wielding a +0 vorpal hand axe and wearing a +0 chain mail (moderately wounded, 0% to evade)
The magic dart hits Terence but does no damage.
Terence is moderately wounded.
Casting: Magic Dart (safe; 9% risk of failure)
Confirm with . or Enter, or press ? or * to list all spells.
Aiming: Magic Dart (safe; 9% risk of failure)
Press: ? - help, Shift-Dir - straight line, f/p - Terence
Aim: Terence, wielding a +0 vorpal hand axe and wearing a +0 chain mail (moderately wounded, 0% to evade)
The magic dart hits Terence but does no damage.
Terence is moderately wounded.
Casting: Magic Dart (safe; 9% risk of failure)
Confirm with . or Enter, or press ? or * to list all spells.
Aiming: Magic Dart (safe; 9% risk of failure)
Press: ? - help, Shift-Dir - straight line, f/p - Terence
Aim: Terence, wielding a +0 vorpal hand axe and wearing a +0 chain mail (moderately wounded, 0% to evade)
The magic dart hits Terence.
Terence is heavily wounded.
Casting: Magic Dart (safe; 9% risk of failure)
Confirm with . or Enter, or press ? or * to list all spells.
Aiming: Magic Dart (safe; 9% risk of failure)
Press: ? - help, Shift-Dir - straight line, f/p - Terence
Aim: Terence, wielding a +0 vorpal hand axe and wearing a +0 chain mail (heavily wounded, 0% to evade)
The magic dart hits Terence but does no damage.
Terence is heavily wounded.
* * * LOW MAGIC WARNING * * *
Casting: Magic Dart (safe; 9% risk of failure)
Confirm with . or Enter, or press ? or * to list all spells.
You don't have enough magic to cast that spell.
Unknown command.
Terence screams, "I want your blood!"
You feel yourself slow down.
You see here a poisoned dart.
f - a poisoned dart
There is a stone staircase leading up here.
Throw: dart (poison)
Press: ? - help, Q - select action, (/) - cycle Shift-Dir - straight line, f/p - Terence
Aim: Terence, wielding a +0 vorpal hand axe and wearing a +0 chain mail (heavily wounded, 64% to hit)
You throw a poisoned dart. The poisoned dart hits Terence.
Terence is poisoned.
Terence is heavily wounded.
Casting: Magic Dart (safe; 9% risk of failure)
Confirm with . or Enter, or press ? or * to list all spells.
Aiming: Magic Dart (safe; 9% risk of failure)
Press: ? - help, Shift-Dir - straight line, f/p - Terence
Aim: Terence, wielding a +0 vorpal hand axe and wearing a +0 chain mail (heavily wounded, poisoned, 0% to evade)
The magic dart hits Terence but does no damage.
Terence is heavily wounded.
* * * LOW MAGIC WARNING * * *
Casting: Magic Dart (safe; 9% risk of failure)
Confirm with . or Enter, or press ? or * to list all spells.
You don't have enough magic to cast that spell.
Unknown command.
Terence barely misses you.
You climb upwards.
There is a stone staircase leading down here.
You see here a datura-tipped dart.
Terence hits you with a +0 vorpal hand axe.
* * * LOW HITPOINT WARNING * * *
Terence looks more healthy.
There is an open door here.
You start to feel less resistant.
There is a stone staircase leading down here.
You see here a +0 hat.
Your resistance to elements expires.
Casting: Magic Dart (safe; 9% risk of failure)
Confirm with . or Enter, or press ? or * to list all spells.
Aiming: Magic Dart (safe; 9% risk of failure)
Press: ? - help, Shift-Dir - straight line, f - Terence
Aim: Terence, wielding a +0 vorpal hand axe and wearing a +0 chain mail (almost dead, 0% to evade)
The magic dart hits Terence.
You kill Terence!
Your Translocations skill increases to level 2!
You have reached level 4!
You feel clever.
c - a sedimented pink potion
Things that are here:
a +0 vorpal hand axe; a +0 chain mail You see here a bat corpse.
There is an open door here.
j - 2 datura-tipped darts (gained 1)
You start resting.
Magic restored.
You start resting.
HP restored.
There is a stone staircase leading down here.
You climb downwards.
Level annotation: 1 runed translucent door, Crazy Yiuf, Natasha, Sigmund The kobold hits you.
There is a stone staircase leading up here.
Casting: Magic Dart (safe; 7% risk of failure)
Confirm with . or Enter, or press ? or * to list all spells.
Aiming: Magic Dart (safe; 7% risk of failure)
Press: ? - help, Shift-Dir - straight line, f - kobold
Aim: a kobold (0% to evade)
The magic dart hits the kobold.
The kobold is heavily wounded.
The kobold barely misses you.
Casting: Magic Dart (safe; 7% risk of failure)
Confirm with . or Enter, or press ? or * to list all spells.
Aiming: Magic Dart (safe; 7% risk of failure)
Press: ? - help, Shift-Dir - straight line, f/p - kobold
Aim: a kobold (heavily wounded, 0% to evade)
You miscast Magic Dart.
You are very lightly contaminated with residual magic.
Nothing appears to happen.
The kobold barely misses you.
Casting: Magic Dart (safe; 7% risk of failure)
Confirm with . or Enter, or press ? or * to list all spells.
Aiming: Magic Dart (safe; 7% risk of failure)
Press: ? - help, Shift-Dir - straight line, f/p - kobold
Aim: a kobold (heavily wounded, 0% to evade)
You miscast Magic Dart.
Nothing appears to happen.
The kobold barely misses you.
Casting: Magic Dart (safe; 7% risk of failure)
Confirm with . or Enter, or press ? or * to list all spells.
Aiming: Magic Dart (safe; 7% risk of failure)
Press: ? - help, Shift-Dir - straight line, f/p - kobold
Aim: a kobold (heavily wounded, 0% to evade)
The magic dart hits the kobold but does no damage.
The kobold is heavily wounded.
The kobold hits you but does no damage.
You hit the kobold but do no damage.
The kobold is heavily wounded.
The kobold closely misses you.
You barely miss the kobold.
The kobold is heavily wounded.
The kobold misses you.
Casting: Magic Dart (safe; 7% risk of failure)
Confirm with . or Enter, or press ? or * to list all spells.
Aiming: Magic Dart (safe; 7% risk of failure)
Press: ? - help, Shift-Dir - straight line, f/p - kobold
Aim: a kobold (heavily wounded, 0% to evade)
The magic dart hits the kobold.
You kill the kobold!
Casting: Magic Dart (safe; 7% risk of failure)
Confirm with . or Enter, or press ? or * to list all spells.
You don't know that spell.
You start resting.
Your magical contamination has completely faded away.
You start resting.
HP restored.
f - a poisoned dart
f - 4 poisoned darts (gained 3) Magic restored.
There is a stone staircase leading down here.
You see here a kobold skeleton.
d - a scroll labelled LURAOM NYAR You see here a kobold skeleton.
There is a stone staircase leading down here.
You climb downwards.
An orc comes into view. It is wielding a +4 short sword.
Found 11 gold pieces.
There is a stone staircase leading up here.
Casting: Magic Dart (safe; 7% risk of failure)
Confirm with . or Enter, or press ? or * to list all spells.
Aiming: Magic Dart (safe; 7% risk of failure)
Press: ? - help, Shift-Dir - straight line, f - orc
Aim: an orc, wielding a +4 short sword (asleep, 0% to evade)
The magic dart hits the orc.
The orc is lightly wounded.
The orc shouts!
You hear an angry hiss.
An orc comes into view. It is wielding a +0 dagger.
An orc comes into view. It is wielding a +0 club.
Casting: Magic Dart (safe; 7% risk of failure)
Confirm with . or Enter, or press ? or * to list all spells.
Aiming: Magic Dart (safe; 7% risk of failure)
Press: ? - help, Shift-Dir - straight line, f - orc
Aim: an orc, wielding a +0 club and wearing a +0 leather armour (wandering, hasn't noticed you, 0% to evade)
The magic dart hits the orc but does no damage.
The orc shouts!
You hear an angry hiss.
You hear a shout!
You hear an angry hiss.
An orc priest comes into view. It is wielding a +0 club.
Casting: Magic Dart (safe; 7% risk of failure)
Confirm with . or Enter, or press ? or * to list all spells.
Aiming: Magic Dart (safe; 7% risk of failure)
Press: ? - help, Shift-Dir - straight line, f/p - orc
Aim: an orc, wielding a +0 club and wearing a +0 leather armour (0% to evade)
The magic dart hits the orc.
The orc is heavily wounded.
Casting: Magic Dart (safe; 7% risk of failure)
Confirm with . or Enter, or press ? or * to list all spells.
Aiming: Magic Dart (safe; 7% risk of failure)
Press: ? - help, Shift-Dir - straight line, f/p - orc
Aim: an orc, wielding a +0 club and wearing a +0 leather armour (heavily wounded, 0% to evade)
The magic dart hits the orc.
You kill the orc!
An adder comes into view.
The orc priest mumbles some strange prayers to Beogh against you.
Beogh smites you!
The adder moves out of view.
Casting: Magic Dart (safe; 7% risk of failure)
Confirm with . or Enter, or press ? or * to list all spells.
Aiming: Magic Dart (safe; 7% risk of failure)
Press: ? - help, Shift-Dir - straight line, f - orc
Aim: an orc, wielding a +4 short sword (lightly wounded, 0% to evade)
The magic dart hits the orc.
The orc is moderately wounded.
An orc comes into view. It is wielding a +0 short sword.
The orc priest looks satisfied for a moment.
Casting: Magic Dart (safe; 7% risk of failure)
Confirm with . or Enter, or press ? or * to list all spells.
Aiming: Magic Dart (safe; 7% risk of failure)
Press: ? - help, Shift-Dir - straight line, f/p - orc
Aim: an orc, wielding a +4 short sword (moderately wounded, 0% to evade)
The magic dart hits the orc.
The orc is heavily wounded.
An adder comes into view.
Casting: Magic Dart (safe; 7% risk of failure)
Confirm with . or Enter, or press ? or * to list all spells.
Aiming: Magic Dart (safe; 7% risk of failure)
Press: ? - help, Shift-Dir - straight line, f/p - orc
Aim: an orc, wielding a +4 short sword (heavily wounded, 0% to evade)
The magic dart hits the orc.
The orc is severely wounded.
The adder hisses angrily.
The orc completely misses you.
The orc priest looks encouraged for a moment.
You climb upwards.
Level annotation: 1 runed translucent door, Crazy Yiuf, Natasha, Sigmund
There is a stone staircase leading down here.
Throw: 4 darts (poison)
Press: ? - help, Q - select action, (/) - cycle Shift-Dir - straight line, f - orc
Aim: an orc, wielding a +4 short sword (severely wounded, 56% to hit)
You throw a poisoned dart.
The poisoned dart barely misses the orc.
The orc hits you with a +4 short sword.
Throw: 3 darts (poison)
Press: ? - help, Q - select action, (/) - cycle Shift-Dir - straight line, f/p - orc
Aim: an orc, wielding a +4 short sword (severely wounded, 56% to hit)
You throw a poisoned dart.
The poisoned dart barely misses the orc.
The orc hits you with a +4 short sword.
Throw: 2 darts (poison)
Press: ? - help, Q - select action, (/) - cycle Shift-Dir - straight line, f/p - orc
Aim: an orc, wielding a +4 short sword (severely wounded, 56% to hit)
You throw a poisoned dart.
The poisoned dart barely misses the orc.
The orc completely misses you.
Throw: dart (poison)
Press: ? - help, Q - select action, (/) - cycle Shift-Dir - straight line, f/p - orc
Aim: an orc, wielding a +4 short sword (severely wounded, 56% to hit)
You throw a poisoned dart. The poisoned dart hits the orc.
The orc is poisoned.
The orc is severely wounded.
You kill the orc!
f - a poisoned dart You see here a +4 short sword.
e - a +4 short sword
e - a +4 short sword (weapon)
f - 3 poisoned darts (gained 2)
You start resting.
Magic restored.
You start resting.
HP restored.
There is a stone staircase leading down here.
You climb downwards.
There is a stone staircase leading up here.
You climb upwards.
Level annotation: 1 runed translucent door, Crazy Yiuf, Natasha, Sigmund
There is a stone staircase leading down here.
You completely miss the orc. The orc hits you with a +0 dagger.
You closely miss the orc. The orc hits you with a +0 dagger.
You hit the orc.
The orc is almost dead.
The orc hits you with a +0 dagger.
An adder comes into view.
You barely miss the orc.
The orc is almost dead.
The orc hits you with a +0 dagger.
You puncture the orc!
You kill the orc!
No target in view!
No target in view!
No target in view!
You start resting.
An adder is nearby!
Casting: Magic Dart (safe; 7% risk of failure)
Confirm with . or Enter, or press ? or * to list all spells.
Aiming: Magic Dart (safe; 7% risk of failure)
Press: ? - help, Shift-Dir - straight line, f - adder
Aim: an adder (wandering, hasn't noticed you, 0% to evade)
The magic dart hits the adder.
The adder is moderately wounded.
The adder hisses angrily.
Things that are here:
a +0 dagger; an orc corpse
Casting: Magic Dart (safe; 7% risk of failure)
Confirm with . or Enter, or press ? or * to list all spells.
Aiming: Magic Dart (safe; 7% risk of failure)
Press: ? - help, Shift-Dir - straight line, f/p - adder
Aim: an adder (moderately wounded, 0% to evade)
The magic dart hits the adder.
The adder is almost dead.
Casting: Magic Dart (safe; 7% risk of failure)
Confirm with . or Enter, or press ? or * to list all spells.
Aiming: Magic Dart (safe; 7% risk of failure)
Press: ? - help, Shift-Dir - straight line, f/p - adder
Aim: an adder (almost dead, 0% to evade)
The magic dart hits the adder.
You kill the adder!
You start resting.
Magic restored.
You start resting.
HP restored.
Things that are here:
a +0 dagger; an orc corpse
There is a stone staircase leading down here.
Found a club.
Found a stone staircase leading down.
You see here a club.
You start waiting.
A bat comes into view.
The bat moves out of view.
There is a stone staircase leading down here.
The centaur unwields a +0 hand axe.
The centaur wields a +0 shortbow.
The centaur shoots an arrow.
The arrow hits you.
Okay, then.
Okay, then.
You aren't carrying any items that you can evoke.
As you read the scroll labelled LURAOM NYAR, it crumbles to dust.
The creatures around you are filled with an inner flame!
It was a scroll of immolation.
The centaur shoots an arrow.
The arrow hits you!
As you read the scroll labelled XEPOYN DEIGAO, it crumbles to dust.
The scroll dissolves into smoke.
It was a scroll of fog.
The centaur shoots an arrow.
The arrow barely misses you.
You aren't carrying any items that you can evoke.
As you read the scroll labelled ILYZUPR WOFOWN, it crumbles to dust.
It is a scroll of identify.
c - a potion of attraction The centaur shoots an arrow.
The arrow hits you.
* * * LOW HITPOINT WARNING * * *
It was a potion of mutation.
You feel extremely strange.
Your toenails lengthen and sharpen.
A pair of horns grows on your head!
Your +1 helmet falls away!
You feel agile.
The centaur shoots an arrow.
The arrow hits you!
Ouch! That really hurt!
You die...

#.###.##....###..# #..#
#................###.##
.......##.#.####.###..#
#................###÷##
#...........###..##..#
##.c######..)###..##.######
..[# #...#............. #..#
#.§.(.##.#.####### #..#
###@§..###.#.#
#######.>####c§§§.## #.#.#
...........c.§§§§.# #.#.# #
######.#...##.§#.####.#.#######
#.).###......>)...........
#...........####.#.#######
############# #.#.# #.#.# #.#.#


You could see a centaur (inner flame).

Vanquished Creatures
  Terence (D:1)
  An adder (D:2)
  An ooze (D:1)
  A worm (D:2)
  3 orcs
  5 bats
  3 goblins (D:1)
  A hobgoblin (D:2)
  3 jackals (D:1)
  3 kobolds
  2 ball pythons (D:2)
  5 frilled lizards
  2 rats
31 creatures vanquished.

Notes
Turn   | Place    | Note
-------+----------+-------------------------------------------
     0 | D:1      | sleeves the Human Hedge Wizard began the quest for the Orb.
     0 | D:1      | Reached XP level 1. HP: 13/13 MP: 4/4
   282 | D:1      | Reached XP level 2. HP: 12/19 MP: 1/6
   286 | D:1      | HP: 8/19 [jackal (3)]
   291 | D:1      | HP: 4/19 [jackal (1)]
  1450 | D:2      | Reached XP level 3. HP: 21/24 MP: 4/7
  1613 | D:2      | Found a runed translucent door.
  1614 | D:2      | Noticed Crazy Yiuf
  1762 | D:2      | HP: 12/24 [worm (12)]
  2206 | D:2      | Reached skill level 2 in Conjurations
  2245 | D:2      | Noticed a centaur
  2257 | D:2      | Noticed Sigmund
  2452 | D:1      | Learned a level 2 spell: Blink
  2453 | D:2      | Noticed Natasha
  2550 | D:2      | Noticed Terence
  2671 | D:1      | HP: 12/24 [Terence/+0 vorpal hand axe (2)]
  2686 | D:1      | Killed Terence
  2687 | D:1      | Reached skill level 2 in Translocations
  2687 | D:1      | Reached XP level 4. HP: 16/30 MP: 1/9
  3202 | D:2      | HP: 12/30 [centaur/arrow (6)]
  3203 | D:2      | Gained mutation: You have sharp toenails. [potion of
                  | mutation]
  3203 | D:2      | Gained mutation: You have a pair of small horns on your
                  | head. [potion of mutation]
  3203 | D:2      | Gained mutation: You are agile. (Dex +2) [potion of
                  | mutation]
  3203 | D:2      | Shot with an arrow by a centaur

Illustrated notes

Levels and vault maps discovered:
D:1:      dpeg_arrival_arbitrary_c, layout_loops_corners, serial_forest,
          infiniplex_forest_clump_medium, infiniplex_forest_end_2,
          infiniplex_forest_straight_3, infiniplex_forest_diagonal,
          infiniplex_forest_lined_1, infiniplex_forest_zigzag_2,
          infiniplex_forest_clump_medium, infiniplex_forest_clump_small,
          infiniplex_forest_join, infiniplex_forest_clump_diagonal
D:2:      layout_loops_ring, minmay_tromino_v4_a, uniq_terence, uniq_sigmund,
          uniq_crazy_yiuf_cottage, uniq_natasha
D:3:      layout_basic, minmay_overflow_temple_star_quad, uniq_ijyb

Skill      XL: |  1  2  3 |
---------------+----------+-----
Conjurations   | 2 |  2.4
Translocations | 2 |  2.3
Dodging        | |  2.0
Stealth        | |  2.0
Spellcasting   | |  3.6
Summonings     | |  1.0

Action                   |  1- 3 |  4- 6 || total
-------------------------+-------+-------++-------
Melee: Dagger            |    20 |     2 ||    22
       Short sword       |       |     5 ||     5
Throw: Dart              |    24 |     4 ||    28
 Cast: Magic Dart        |    67 |    13 ||    80
  Use: Potion            |     2 |     1 ||     3
       Scroll            |       |     3 ||     3
 Stab: Sleeping          |     4 |       ||     4
Armor: Robe              |    15 |     1 ||    16
Dodge: Dodged            |    33 |     8 ||    41
